 Dungeon Crawl Stone Soup version 0.31-a0-208-gdb31a4691d (webtiles) character file.

Game seed: 10768556319455150729

28 tsouns the Shooter (level 3, -3/33 HPs)
             Began as a Naga Hunter on June 28, 2023.
             Slain by Ijyb
             ... wielding a +0 club
              (5 damage)
             ... on level 3 of the Dungeon.
             The game lasted 00:02:39 (916 turns).

tsouns the Shooter (Naga Hunter)                     Turns: 916, Time: 00:02:40

Health: -3/33      AC:  3    Str: 13    XL:     3   Next: 14%
Magic:  3/3        EV:  6    Int: 11    God:
Gold:   69         SH:  0    Dex: 14    Spells: 2/2 levels left

rFire   . . .        a - +0 shortbow
rCold   . . .        (shield currently unavailable)
rNeg    . . .        c - +0 leather armour
rPois   +            k - +0 helmet
rElec   .            (no cloak)
rCorr   .            (no gloves)
SInv    +            (no barding)
Will    .....        i - amulet of regeneration
Stlth   ++           (no ring)
HPRegen 1.05/turn    (no ring)
MPRegen 0.08/turn

%: no passive effects
@: grasped by roots, constricted, very slow
A: AC +1, large, see invisible, deformed body, poison resistance, slowness 2,
spit poison 1, naga tail 1
a: Spit Poison


You were on level 3 of the Dungeon.
You visited 1 branch of the dungeon, and saw 3 of its levels.

You collected 69 gold pieces.

Inventory:

Hand Weapons
 a - a +0 shortbow (weapon)
Armour
 c - a +0 leather armour (worn)
 k - a +0 helmet (worn)
Jewellery
 i - an amulet of regeneration (around neck)
Scrolls
 g - 2 scrolls of immolation {unknown}
 j - a scroll of vulnerability {unknown}
Potions
 d - a potion of might {unknown}
 e - a potion of curing {unknown}
 f - a potion of enlightenment {unknown}
 h - a potion of lignification {unknown}


   Skills:
 + Level 2.6 Fighting
 + Level 3.9 Ranged Weapons
 - Level 1.5 Dodging
 + Level 3.0 Stealth


You had 2 spell levels left.
You didn't know any spells.
Your spell library contained the following spells:

 Spells                   Type           Power      Damage    Failure   Level
 Sublimation of Blood     Necr           0%         N/A       56%         2
 Wereblood                Tmut           0%         N/A       56%         2
 Hailstorm                Conj/Ice       0%         3d3       80%         3
 Vhi's Electric Charge    Tloc/Air       0%         N/A       80%         3
 Flame Wave               Conj/Fire      0%         2d4       99%         4
 Arcjolt                  Conj/Air       0%         1d10      100%        5
 Plasma Beam              Fire/Air       0%         2x1d10    100%        6
 Summon Hydra             Summ           0%         N/A       100%        7
 Ignition                 Fire           0%         3d3       100%        8


Dungeon Overview and Level Annotations

Branches:
Dungeon (3/15)

Altars:

Annotations:
D:2 Sigmund
D:3 Ijyb


Innate Abilities, Weirdness & Mutations

Your serpentine skin is tough. (AC +1)
You have supernaturally acute eyesight. (SInv)
Armour fits poorly on your strangely shaped body.
Your system is resistant to poisons. (rPois)
You cover ground very slowly.
You can spit poison.
You have a snake-like lower body.


Message History

Aim: Ijyb, wielding a +0 club, wearing a +0 scale mail and carrying a wand of roots (11) (severely wounded, poisoned, 57% to hit)
You shoot an arrow. The arrow closely misses Ijyb.
The ball python bites you. Ijyb hits you with a +0 club.
The ball python bites you but does no damage.
Fire: a) +0 shortbow
Press: ? - help, Shift-Dir - straight line, f/p - Ijyb
Aim: Ijyb, wielding a +0 club, wearing a +0 scale mail and carrying a wand of roots (11) (severely wounded, poisoned, 57% to hit)
You shoot an arrow. The arrow hits Ijyb but does no damage.
Ijyb is severely wounded.
You have got your breath back.
Ijyb hits you with a +0 club. The ball python barely misses you.
Ijyb barely misses you.
Fire: a) +0 shortbow
Press: ? - help, Shift-Dir - straight line, f/p - Ijyb
Aim: Ijyb, wielding a +0 club, wearing a +0 scale mail and carrying a wand of roots (11) (almost dead, poisoned, 57% to hit)
You shoot an arrow. The arrow barely misses Ijyb.
The ball python barely misses you.
Ijyb zaps a wand.
The roots erupt in riotous growth!
The grasping roots grab you!
The ball python is unaffected.
Ijyb is unaffected.
The grasping roots constrict you. The ball python bites you.
Unknown command.
Fire: a) +0 shortbow
Press: ? - help, Shift-Dir - straight line, f/p - Ijyb
Aim: Ijyb, wielding a +0 club, wearing a +0 scale mail and carrying a wand of roots (10) (almost dead, poisoned, 57% to hit)
You shoot an arrow. The arrow hits Ijyb but does no damage.
Ijyb is almost dead.
Ijyb hits you with a +0 club.
* * * LOW HITPOINT WARNING * * *
The grasping roots constrict you.
* * * LOW HITPOINT WARNING * * *
The ball python bites you.
* * * LOW HITPOINT WARNING * * *
Fire: a) +0 shortbow
Press: ? - help, Shift-Dir - straight line, f/p - Ijyb
Aim: Ijyb, wielding a +0 club, wearing a +0 scale mail and carrying a wand of roots (10) (almost dead, poisoned, 57% to hit)
You shoot an arrow. The arrow hits Ijyb.
Ijyb is almost dead.
The ball python barely misses you. Ijyb hits you with a +0 club.
You die...

#. ##. #. ..
#. #.# ##. ..
.. .. .###...
.#.......
#.g..# .
#@####.>.
####S.......
#.<.........
#...........
#............
#............
#............
#............
##...........


You could see Ijyb (poisoned) and a ball python.

Vanquished Creatures
  2 dart slugs
  4 endoplasms (D:1)
  2 goblins (D:1)
  2 hobgoblins (D:1)
  3 jackals (D:1)
  A quokka (D:1)
  5 ball pythons (D:1)
  3 rats (D:1)
22 creatures vanquished.

Notes
Turn   | Place    | Note
-------+----------+-------------------------------------------
     0 | D:1      | tsouns the Naga Hunter began the quest for the Orb.
     0 | D:1      | Reached XP level 1. HP: 19/19 MP: 1/1
    51 | D:1      | Reached XP level 2. HP: 21/26 MP: 2/2
   320 | D:1      | Got Pokiazx Vell's Folio of the Volatile Chill
   592 | D:1      | Reached XP level 3. HP: 33/33 MP: 3/3
   872 | D:2      | Noticed Sigmund
   899 | D:3      | Noticed Ijyb
   915 | D:3      | HP: 1/33 [ball python (3)]
   916 | D:3      | Slain by Ijyb

Illustrated notes

Levels and vault maps discovered:
D:1:      dpeg_arrival_solitude, layout_basic, dk_noncrumbling_2
D:2:      minmay_recursive_quarters, layout_loops_corners, serial_shops,
          nicolae_shop_tiny_glass, kennysheep_nub, uniq_sigmund
D:3:      layout_rooms, slow_altar_2, mainiacjoe_overflow_catch_the_wave,
          shapermc_ecumenical_altar_hornbeckon, minmay_misc_feat_iff,
          kennysheep_boxes, uniq_ijyb

Skill      XL: |  1  2  3 |
---------------+----------+-----
Stealth        | 2 3 |  3.0
Fighting       | |  2.6
Ranged Weapons | |  3.9
Dodging        | |  1.5

Action                     || total
---------------------------++-------
   Fire: Shortbow          ||    80
Ability: Spit Poison       ||     4
    Use: Scroll            ||     1
 Armour: Leather armour    ||     6
  Dodge: Dodged            ||    28

Table legend: (Time is in decaauts)
 A = Elapsed time spent in this place.
 B = Non-inter-level travel time spent in this place.
 C = Inter-level travel time spent in this place.
 D = Time resting spent in this place.
 E = Time spent auto-exploring this place.
 F = Levels seen in this place.
 G = Mean time per level.
                   A        B        C        D        E       F      G
               +--------+--------+--------+--------+--------+-----+--------+
         Total |   1217 |   1182 |     35 |      0 |    998 |   3 |  405.7 |
       Dungeon |   1217 |   1182 |     35 |      0 |    998 |   3 |  405.7 |
               +--------+--------+--------+--------+--------+-----+--------+

Top non-repeatable levels by time:
     D:1: 1112 daAuts
     D:2: 67 daAuts
     D:3: 37 daAuts
